 Dungeon Crawl Stone Soup version 0.25-a0-937-gcfae464cf3 (webtiles) character file.

Game seed: 2226398242768024282, levelgen mode: deterministic

9445 wullow the Tainter (level 11, -7/86 HPs)
             Began as a Demonspawn Venom Mage on May 4, 2020.
             Was a Priest of Sif Muna.
             Mangled by Joseph
             ... wielding a +0 quarterstaff
              (14 damage)
             ... on level 7 of the Dungeon.
             The game lasted 00:47:47 (13071 turns).

wullow the Tainter (Demonspawn Venom Mage)         Turns: 13071, Time: 00:47:47

Health: -7/86      AC:  9    Str: 10    XL:     11   Next: 23%
Magic:  31/31      EV: 12    Int: 18    God:    Sif Muna [***...]
Gold:   408        SH:  0    Dex: 14    Spells: 15/24 levels left

rFire    . . .     SeeInvis +   A - +6 quick blade "Lugeor" {vorpal, rN+ SInv}
rCold    . . .     Gourm    .   (no shield)
rNeg     + . .     Faith    .   a - +0 robe
rPois    .         Spirit   .   s - +2 helmet
rElec    .         Reflect  .   O - +0 cloak
rCorr    .         Harm     .   V - +0 pair of gloves
MR       +....                  x - +1 pair of boots
Stlth    ++........             (no amulet)
HPRegen  0.24/turn              i - ring of magical power
MPRegen  0.22/turn              p - ring of protection from magic

@: no status effects
A: hooves 2, foul stench 2, powered by pain 3, rot immunity
a: Channel Magic, Forget Spell, Renounce Religion


You were on level 7 of the Dungeon.
You worshipped Sif Muna.
Sif Muna was most pleased with you.
You were not hungry.

You visited 2 branches of the dungeon, and saw 11 of its levels.
You also visited: Sewer.

You collected 408 gold pieces.

Inventory:

Hand Weapons
 z - a +2 rapier of flaming
 A - the +6 quick blade "Lugeor" (weapon) {vorpal, rN+ SInv}
   (You acquired it on level 8 of the Dungeon)

   It inflicts extra damage upon your enemies.
   It protects you from negative energy.
   It lets you see invisible.
 E - the +4 whip "Dioroecw" {antimagic, rC- MR+ Dex+2}
   (You found it in a sewer)

   It reduces the magical energy of the wielder, and disrupts the spells and
   magical abilities of those hit.
   Natural abilities and divine invocations are not affected.
   It affects your dexterity (+2).
   It makes you vulnerable to cold.
   It affects your resistance to hostile enchantments.
 Q - a +2 dagger of venom
Missiles
 b - 265 stones (quivered)
 G - 52 sling bullets
 X - a throwing net
Armour
 a - a +0 robe (worn)
 s - a +2 helmet (worn)
 w - a +3 ring mail
 x - a +1 pair of boots (worn)
 O - a +0 cloak (worn)
 T - a +1 chain mail of fire resistance
 U - the +5 ring mail of Defiance {rN+ Regen+ Int-2}
   (You found it on level 6 of the Dungeon)

   It affects your intelligence (-2).
   It protects you from negative energy.
   It increases your rate of regeneration.
 V - a +0 pair of gloves (worn)
Jewellery
 i - a ring of magical power (left hand)
 p - a ring of protection from magic (right hand)
 v - the ring "Saownat" {*Tele rElec MR- Dex+2}
   (You found it on level 9 of the Dungeon)

   [ring of teleportation]

   It may teleport you next to monsters.
   It affects your dexterity (+2).
   It insulates you from electricity.
   It affects your resistance to hostile enchantments.
 H - an uncursed ring of see invisible
Wands
 r - a wand of flame (17)
 C - a wand of polymorph (28)
 L - a wand of random effects (17)
 R - a wand of paralysis (7)
Scrolls
 e - 7 scrolls of remove curse
 h - a scroll of magic mapping
 l - 2 scrolls of enchant weapon
 n - 3 scrolls of enchant armour
 o - a scroll of blinking
 u - 5 scrolls of teleportation
 y - 5 scrolls of amnesia
Potions
 d - 5 potions of curing
 f - 3 potions of flight
 j - 3 potions of might
 k - a potion of degeneration {unknown}
 m - a potion of magic {unknown}
 t - 6 potions of lignification {unknown}
 B - 4 potions of mutation
 D - a potion of invisibility
 F - a potion of stabbing {unknown}
 I - 2 potions of ambrosia {unknown}
 J - 3 potions of resistance {unknown}
 K - a potion of berserk rage {unknown}
 M - a potion of brilliance {unknown}
 N - 2 potions of haste
Miscellaneous
 q - a lightning rod (4/4)
 Z - a tin of tremorstones
Comestibles
 c - 17 rations


   Skills:
 * Level 8.0 Fighting
 * Level 5.5 Short Blades
 + Level 1.9 Dodging
 + Level 2.0 Stealth
 + Level 7.4 Spellcasting
 - Level 3.0 Conjurations
 - Level 3.0 Transmutations
 - Level 4.0 Fire Magic
 - Level 4.0 Air Magic
 + Level 8.4 Poison Magic
 + Level 6.0 Invocations


You had 15 spell levels left.
You knew the following spells:

 Your Spells              Type           Power        Failure   Level  Hunger
a - Sting                 Tmut/Pois      ####         1%          1    None
b - Poisonous Vapours     Pois/Air       ####..       1%          2    None
c - Mephitic Cloud        Conj/Pois/Air  ####....     3%          3    #......
d - Ignite Poison         Fire/Tmut/Pois ####....     3%          3    #......

Your spell library contained the following spells:

 Spells                   Type           Power        Failure   Level  Hunger
 Olgreb's Toxic Radiance  Pois           #####...     3%          4    ###....


Dungeon Overview and Level Annotations

Branches:
Dungeon (10/15)            Temple (1/1) D:4            Lair (0/6) D:10
    Orc (0/2) D:9           Sewer (visited)

Altars:
Cheibriados
Dithmenos
Elyvilon
Fedhas
Gozag
Hepliaklqana
Kikubaaqudgha
Makhleb
Nemelex Xobeh
Okawaru
Qazlal
Ru
Sif Muna
Trog
Uskayaw
Vehumet
Wu Jian
Yredelemnul
Zin
The Shining One
Jiyva

Annotations:
D:4 2 transporters, Malog's ghost, weakling DrTm
D:7 Joseph
D:9 3 runed translucent doors


Innate Abilities, Weirdness & Mutations

You have hoof-like feet.
You frequently emit foul miasma when damaged in melee.
You are powered by pain.
You are immune to rotting.


Message History

Aiming: Poisonous Vapours (safe; 1% risk of failure)
Press: ? - help, Dir - move target cursor, f/p - Joseph
Aim: Joseph, wielding a +4 hunting sling of freezing, wearing a +0 ring mail, quivering 33 sling bullets and carrying a wand of iceblast (4) (heavily wounded, very poisoned) Poisonous vapours surround Joseph!
Joseph is engulfed in poison gas.
Joseph looks as sick as possible!
Joseph shoots a sling bullet.
The sling bullet hits you!!
* * * LOW HITPOINT WARNING * * *
You focus on the pain.
You feel your power returning. The sling bullet freezes you!
* * * LOW HITPOINT WARNING * * *
You feel much better.
Joseph shoots a sling bullet.
The sling bullet hits you!!
* * * LOW HITPOINT WARNING * * *
The sling bullet freezes you.
* * * LOW HITPOINT WARNING * * *
Unknown command.
You hit Joseph.
Joseph is severely wounded.
Joseph unwields a +4 hunting sling of freezing.
Joseph wields a +0 quarterstaff.
Joseph hits you with a +0 quarterstaff!
You die...

# ##..# .#.... ##### .#...
..... .... . ######.....#
#..# @# #.#.#.# #..# ..
#.#.#<# #..# .. #.#.#.#
#.(# .# #.#.#.#
##)@###..#..#
#.#.#.###...@(.......
######.......(.#.###..#.##
......%......###.# .#
########.#.#.# #.# #
#.(........ #..........#
#.##....#### ... ###....


You could see Joseph.

Vanquished Creatures
  Harold (D:10)
  2 two-headed ogres
  2 unseen horrors (D:10)
  Pikel (D:6)
  An efreet (D:9)
  A troll (D:10)
  A merfolk (D:9)
  A meliai (D:9)
  Grinder (D:3)
  2 hippogriffs (D:10)
  A wraith (D:10)
  2 wyverns (D:10)
  Eustachio (D:5)
  Edmund (D:4)
  A soldier ant (D:9)
  A water moccasin (D:7)
  2 sky beasts
  4 ice beasts
  3 phantoms
  A slave (D:6)
  A necrophage (D:9)
  2 ogres
  An orc warrior (D:9)
  An eye of draining (D:9)
  4 centaurs
  A crocodile (Sewer)
  3 wolves (D:10)
  A big kobold (D:9)
  3 bullfrogs
  6 scorpions
  3 wights (D:9)
  2 electric eels (D:10)
  A bullfrog zombie (D:10)
  5 hounds
  A quasit (D:10)
  A jelly (D:10)
  5 orc priests
  Crazy Yiuf (D:3)
  A bullfrog skeleton (D:10)
  A gnoll shaman (D:9)
  A centaur skeleton (D:9)
  Jessica (D:2)
  3 iguanas
  Ijyb (D:4)
  Natasha (twice) (D:2)
  Terence (D:2)
  8 orc wizards
  7 worker ants
  A killer bee zombie (D:7)
  A hound skeleton (D:8)
  A worker ant zombie (D:5)
  Robin (D:3)
  3 gnolls (D:4)
  4 howler monkey skeletons
  A river rat (D:6)
  5 adders
  An adder zombie (D:5)
  An adder skeleton (D:4)
  4 worms
  5 leopard geckos
  29 orcs
  2 ball pythons
  7 bats
  6 giant cockroaches
  17 goblins
  8 hobgoblins
  7 jackals
  A quokka (D:9)
  5 frilled lizards
  14 kobolds
  6 rats
  A fungus (D:3)
229 creatures vanquished.

Vanquished Creatures (others)
  A soldier ant (D:9)
  A plant (D:4)
2 creatures vanquished.

Grand Total: 231 creatures vanquished

Notes
Turn   | Place    | Note
-------+----------+-------------------------------------------
     0 | D:1      | wullow the Demonspawn Venom Mage began the quest for the
                  | Orb.
     0 | D:1      | Reached XP level 1. HP: 13/13 MP: 3/3
    19 | D:1      | Reached skill level 1 in Transmutations
   395 | D:1      | Gained mutation: You have large cloven feet. [demonic
                  | ancestry]
   395 | D:1      | Reached XP level 2. HP: 19/19 MP: 5/5
   958 | D:1      | Learned a level 2 spell: Poisonous Vapours
  1483 | D:2      | Noticed Terence
  1484 | D:2      | Noticed Natasha
  1504 | D:2      | Noticed a crimson imp
  1504 | D:2      | Killed Natasha
  1504 | D:2      | Reached skill level 1 in Air Magic
  1504 | D:2      | Gained mutation: You are immune to rotting. [demonic
                  | ancestry]
  1504 | D:2      | Reached XP level 3. HP: 24/24 MP: 6/6
  1512 | D:2      | Killed Terence
  1512 | D:2      | Gained mutation: You sometimes gain a little power by
                  | taking damage. [demonic ancestry]
  1512 | D:2      | Reached XP level 4. HP: 27/30 MP: 1/7
  1527 | D:2      | Learned a level 3 spell: Mephitic Cloud
  1863 | D:2      | Noticed Natasha
  1868 | D:2      | Killed Natasha
  1929 | D:2      | Noticed Jessica
  1932 | D:2      | Killed Jessica
  1932 | D:2      | Reached skill level 1 in Conjurations
  2053 | D:2      | Reached XP level 5. HP: 35/35 MP: 9/9
  2316 | D:3      | Learned a level 3 spell: Ignite Poison
  2484 | D:3      | You fall into a shaft and drop 3 floors!
  2587 | D:6      | Gained mutation: You have hoof-like feet. [demonic
                  | ancestry]
  2587 | D:6      | Reached XP level 6. HP: 33/41 MP: 4/10
  2602 | D:6      | Found a glowing drain.
  2635 | Sewer    | Entered a sewer
  2838 | Sewer    | Reached skill level 1 in Fire Magic
  2998 | Sewer    | Got a crystal whip
  3029 | D:6      | Identified the +4 whip "Dioroecw" {antimagic, rC- MR+
                  | Dex+2} (You found it in a sewer)
  3219 | D:5      | Entered Level 5 of the Dungeon
  3324 | D:4      | Found a snail-covered altar of Cheibriados.
  3324 | D:4      | Found a glowing golden altar of the Shining One.
  3339 | D:4      | Found an ornate altar of the Wu Jian Council.
  3339 | D:4      | Found a white marble altar of Elyvilon.
  3357 | D:4      | Gained mutation: You may emit foul miasma when damaged in
                  | melee. [demonic ancestry]
  3357 | D:4      | Reached XP level 7. HP: 46/46 MP: 11/11
  3563 | D:4      | Found a transporter.
  3582 | D:4      | Found a hazy altar of Hepliaklqana.
  3587 | D:4      | Found a shadowy altar of Dithmenos.
  3587 | D:4      | Noticed a shadow
  3644 | D:4      | Noticed Ijyb
  3648 | D:4      | Killed Ijyb
  3781 | D:4      | Found a staircase to the Ecumenical Temple.
  3795 | Temple   | Entered the Ecumenical Temple
  3925 | Temple   | Became a worshipper of Sif Muna the Loreminder
  4090 | D:4      | Reached skill level 1 in Fighting
  4157 | D:4      | Found a transporter.
  4231 | D:4      | Noticed Malog's ghost (weakling DrTm)
  4328 | D:4      | Noticed Edmund
  4507 | D:3      | Noticed Robin
  4704 | D:3      | Killed Robin
  5005 | D:3      | Noticed Grinder
  5012 | D:3      | Killed Grinder
  5316 | D:3      | Found an iron altar of Okawaru.
  5535 | D:3      | Found a runed translucent door.
  5536 | D:3      | Noticed Crazy Yiuf
  5541 | D:3      | Killed Crazy Yiuf
  5667 | D:4      | Killed Edmund
  5667 | D:4      | Gained mutation: You frequently emit foul miasma when
                  | damaged in melee. [demonic ancestry]
  5667 | D:4      | Reached XP level 8. HP: 42/57 MP: 12/13
  5961 | D:5      | Reached * piety under Sif Muna
  6146 | D:5      | Found a sacrificial altar of Ru.
  6471 | D:5      | Found a glowing silver altar of Zin.
  6471 | D:5      | Noticed Eustachio
  6476 | D:5      | Killed Eustachio
  6477 | D:5      | Found an opulent altar of Gozag.
  6767 | D:6      | Reached skill level 5 in Poison Magic
  6787 | D:6      | Noticed Pikel
  6815 | D:6      | Killed Pikel
  6944 | D:6      | Found a blossoming altar of Fedhas.
  7116 | D:6      | Reached XP level 9. HP: 65/67 MP: 16/16
  7186 | D:6      | Got a crude ring mail
  7197 | D:6      | Identified the +5 ring mail of Defiance {rN+ Regen+ Int-2}
                  | (You found it on level 6 of the Dungeon)
  7528 | D:7      | Reached skill level 5 in Fighting
  7574 | D:7      | You fall into a shaft and drop 3 floors!
  7574 | D:10     | Entered Level 10 of the Dungeon
  7600 | D:10     | Noticed an unseen horror
  7610 | D:10     | Killed an unseen horror
  7610 | D:10     | Reached skill level 1 in Short Blades
  7610 | D:10     | Reached skill level 5 in Spellcasting
  7812 | D:10     | Noticed a troll
  7819 | D:10     | Killed a troll
  8353 | D:10     | Noticed an unseen horror
  8367 | D:10     | Killed an unseen horror
  8476 | D:10     | Gained mutation: You sometimes gain power by taking damage.
                  | [demonic ancestry]
  8476 | D:10     | Reached XP level 10. HP: 77/77 MP: 18/19
  8600 | D:10     | Found a staircase to the Lair.
  9147 | D:10     | Reached ** piety under Sif Muna
  9195 | D:10     | Noticed Harold
  9208 | D:10     | Killed Harold
  9999 | D:9      | Found a staircase to the Orcish Mines.
 10020 | D:9      | Reached skill level 1 in Invocations
 10487 | D:9      | Found a runed translucent door.
 10487 | D:9      | Noticed a green ugly thing
 10928 | D:9      | Found a runed translucent door.
 10929 | D:9      | Found a runed translucent door.
 10929 | D:9      | Noticed a green ugly thing
 10930 | D:9      | Noticed a gargoyle
 10960 | D:9      | Noticed a two-headed ogre
 10965 | D:9      | Noticed a two-headed ogre
 10973 | D:9      | Killed a two-headed ogre
 10973 | D:9      | Reached skill level 5 in Short Blades
 10993 | D:9      | HP: 3/80 [efreet/bolt of fire (28)]
 11344 | D:9      | Reached skill level 5 in Invocations
 11548 | D:9      | Gained mutation: You are powered by pain. [demonic
                  | ancestry]
 11548 | D:9      | Reached XP level 11. HP: 81/85 MP: 21/21
 11717 | D:9      | Got a crude bronze ring
 11719 | D:9      | Identified the ring "Saownat" {*Tele rElec MR- Dex+2} (You
                  | found it on level 9 of the Dungeon)
 11983 | D:8      | Noticed a two-headed ogre
 12000 | D:8      | Killed a two-headed ogre
 12563 | D:8      | Identified a scroll of acquirement
 12563 | D:8      | Identified the +6 quick blade "Lugeor" {vorpal, rN+ SInv}
                  | (You acquired it on level 8 of the Dungeon)
 12740 | D:8      | Reached *** piety under Sif Muna
 13056 | D:7      | Noticed Joseph
 13071 | D:7      | Mangled by Joseph

Levels and vault maps discovered:
D:1:      onia_arrival_pentagram, layout_basic, chequers_serial_rivers_room_b
D:2:      layout_basic, uniq_jessica, uniq_terence, uniq_natasha
D:3:      layout_loops_ring, lemuel_doored_altar, uniq_crazy_yiuf_cottage,
          uniq_grinder, uniq_robin
D:4:      layout_rooms, riverfiend_overflow_shadow_ancestor,
          grunt_temple_overflow_open, nicolae_overflow_hidden_temple,
          minmay_temple_entry_glass, gammafunk_ghost_gnarly_gnolls, uniq_edmund,
          uniq_ijyb
D:5:      layout_loops_cross, grunt_temple_overflow_gold_and_silver,
          nicolae_ru_great_annihilating_truth, first_ration, uniq_eustachio
D:6:      layout_basic, fedhas_altar_3, portal_sewer_entry_b, uniq_pikel
D:7:      layout_loops_ring, doesnt_xom_only_xom, uniq_joseph
D:8:      layout_loops_cross, wad_dig_loot
D:9:      minmay_the_grid_triangle_9x9_rhombus_thin_mashed
          [minmay_the_grid_triangle_9x9_swiss_cheese,
          minmay_the_grid_triangle_9x9_prize_center,
          minmay_the_grid_triangle_9x9_checkered,
          minmay_the_grid_triangle_9x9_fully_insulated_deathbox],
          layout_cave_pools, hangedman_fish_farm
D:10:     layout_roguey, erik_lair_island, uniq_harold
Temple:   pf_slimified_temple

Skill      XL: |  1  2  3  4  5  6  7  8  9 10 11 |
---------------+----------------------------------+-----
Transmutations | 1 2 3 |  3.0
Air Magic      | 1 2 3 4 |  4.0
Conjurations   | 1 2 3 |  3.0
Spellcasting   | 3 4 6 7 |  7.4
Fire Magic     | 2 3 4 |  4.0
Poison Magic   | 4 5 7 8 |  8.4
Fighting       | 2 4 6 7 8 |  8.0
Short Blades   | 3 5 |  5.5
Invocations    | 5 6 |  6.0
Stealth        | 2 |  2.0
Dodging        | |  1.9

Action                   |  1- 3 |  4- 6 |  7- 9 | 10-12 || total
-------------------------+-------+-------+-------+-------++-------
Melee: Unarmed           |     9 |       |       |       ||     9
       Dagger            |       |       |   111 |   215 ||   326
       Quick blade       |       |       |       |    61 ||    61
 Fire: Hunting sling     |       |    30 |    68 |       ||    98
Throw: Stone             |     2 |       |       |     1 ||     3
 Cast: Sting             |    52 |    43 |    79 |     4 ||   178
       Poisonous Vapours |     2 |    41 |    90 |    81 ||   214
       Mephitic Cloud    |       |       |    24 |    28 ||    52
       Ignite Poison     |       |       |    12 |    21 ||    33
  Use: Scroll            |       |       |    12 |     6 ||    18
       Potion            |       |       |       |     4 ||     4
 Stab: Confused          |       |       |     1 |     1 ||     2
       Sleeping          |       |       |     1 |       ||     1
  Eat: Chunk             |     2 |     8 |    15 |    12 ||    37
       Ration            |       |       |     2 |     1 ||     3
Armor: Robe              |     7 |    10 |    77 |    64 ||   158
Dodge: Dodged            |    27 |    24 |   143 |   134 ||   328

Table legend:
 A = Non-vault XP
 B = Vault XP
 C = Vault XP percentage of total XP
 D = Non-vault monster count
 E = Vault monster count
 F = Vault count percentage of total count
                 A         B        C        D         E       F
            +---------+---------+-------+---------+---------+-------
      Total |    7641 |    5853 |  43.4 |     174 |      54 |  23.7
            +---------+---------+-------+---------+---------+-------
        D:1 |      27 |       0 |   0.0 |      17 |       0 |   0.0
        D:2 |      68 |     109 |  61.6 |      16 |       3 |  15.8
        D:3 |      88 |     356 |  80.2 |      20 |      13 |  39.4
        D:4 |     238 |     205 |  46.3 |      13 |       2 |  13.3
        D:5 |     368 |     241 |  39.6 |       9 |       5 |  35.7
        D:6 |     357 |     660 |  64.9 |      16 |       6 |  27.3
        D:7 |     618 |       0 |   0.0 |       9 |       0 |   0.0
        D:8 |    1698 |     127 |   7.0 |      13 |       2 |  13.3
        D:9 |    1285 |    2397 |  65.1 |      33 |      11 |  25.0
       D:10 |    2894 |    1638 |  36.1 |      28 |       6 |  17.6
      Sewer |       0 |     120 | 100.0 |       0 |       6 | 100.0
            +---------+---------+-------+---------+---------+-------
